 Dungeon Crawl Stone Soup version 0.14-a0-504-gf2529f3 (console) character file.

79 Kellhus the Magician (level 2, 0/13 HPs)
             Began as a Deep Elf Wizard on Oct 31, 2013.
             Slain by Terence
             ... wielding a +2,+1 hand axe
              (7 damage)
             ... on Level 2 of the Dungeon.
             The game lasted 00:01:44 (975 turns).

Kellhus the Magician (Deep Elf Wizard)               Turns: 975, Time: 00:01:44

HP   0/13        AC  2     Str  4      XL: 2   Next: 82%
MP   1/10        EV 12     Int 22      God:
Gold 54          SH  0     Dex 13      Spells:  1 memorised,  8 levels left

Res.Fire  : . . .   See Invis. : .   (no weapon)
Res.Cold  : . . .   Warding    : .   a - +0 elf robe
Life Prot.: . . .   Conserve   : .   (no shield)
Res.Poison: .       Res.Corr.  : .   b - +0 elf wizard hat
Res.Elec. : .       Clarity    : .   (no cloak)
Sust.Abil.: . .     Spirit.Shd : .   (no gloves)
Res.Mut.  : .       Stasis     : .   (no boots)
Res.Rott. : .       Flight     : .   (no amulet)
Saprovore : . . .                    (no ring)
                                     (no ring)

@: not resistant to hostile enchantments, fairly stealthy
A: no striking features
a: no special abilities


You were on level 2 of the Dungeon.
You were not hungry.

You visited 1 branch of the dungeon, and saw 2 of its levels.

You collected 54 gold pieces.

Inventory:

Armour
 a - a +0 elven robe (worn)
 b - a +0 elven wizard hat (worn)
Comestibles
 d - 2 bread rations
 f - 2 meat rations
 h - 2 apples
 l - a choko
Scrolls
 e - a scroll of magic mapping {unknown}
 g - a scroll of fear {unknown}
 i - a scroll of teleportation {unknown}
 j - a scroll of enchant weapon I {unknown}
 k - 3 scrolls of identify {unknown}
 o - 2 scrolls of enchant weapon II {unknown}
Potions
 m - a potion of agility {unknown}
 n - a potion of cure mutation {unknown}
Books
 c - a book of Minor Magic

   Spells                             Type                      Level
   *Magic Dart                        Conjuration                  1
   Blink                              Translocation                2
   Call Imp                           Summoning                    2
   Repel Missiles                     Charms/Air                   2
   Slow                               Hexes                        2
   Conjure Flame                      Conjuration/Fire             3
   Mephitic Cloud                     Conjuration/Poison/Air       3


   Skills:
 - Level 2.4 Dodging
 - Level 2.4 Stealth
 - Level 4.4 Spellcasting
 + Level 3.1 Conjurations
   Level 1.1 Summonings
   Level 1.1 Translocations


You had 8 spell levels left.
You knew the following spells:

 Your Spells              Type           Power        Failure   Level  Hunger
a - Magic Dart            Conj           ###.         3%          1    None


Dungeon Overview and Level Annotations

Branches:
Dungeon (2/27)

Altars:
the Shining One

Annotations:
D:2 Terence


Message History

Aiming: Magic Dart
Press: ? - help, Shift-Dir - straight line, f/p - Terence
Aim: Terence, wielding a hand axe and wearing a runed scale mail (moderately wounded)
The magic dart hits Terence.
Terence is moderately wounded.
Terence barely misses you.
Casting: Magic Dart
Confirm with . or Enter, or press ? or * to list all spells.
You don't have enough magic to cast that spell.
Terence says, "Did you write a will?
You should..."
Casting: Magic Dart
Confirm with . or Enter, or press ? or * to list all spells.
Aiming: Magic Dart
Press: ? - help, Shift-Dir - straight line, f/p - Terence
Aim: Terence, wielding a hand axe and wearing a runed scale mail (moderately wounded)
The magic dart hits Terence.
Terence is moderately wounded.
Terence hits you with a hand axe!
Ouch! That really hurt!
You die...

#........##.##.....(......
########.##.##.......####.
#.##.##.......# #.
#.##.##.......# #.
#.##.##.......# #.
###.##.#######'#####.
#....#.##..........#.
####...@#.##........).#.
#....P.@..##..........#.
##....≈≈P..##..........#.
##..#..PP....+...<......#.
#..##'......##..........##
#.##_##..⌠..##............
#..###.....###..........##
#...#....### #..........##
#......#.# #..........##
##.......# #..........##


You could see Terence.

Vanquished Creatures
  An ooze (D:2)
  6 bats
  A giant cockroach (D:2)
  4 hobgoblins
  3 kobolds
  5 giant newts
  2 goblins
  3 rats (D:2)
25 creatures vanquished.

Notes
Turn   | Place    | Note
--------------------------------------------------------------
     0 | D:1      | Kellhus, the Deep Elf Wizard, began the quest for the Orb.
     0 | D:1      | Reached XP level 1. HP: 8/8 MP: 7/7
   195 | D:1      | Reached XP level 2. HP: 13/13 MP: 4/10
   725 | D:2      | Found a glowing golden altar of the Shining One.
   880 | D:2      | Noticed Terence
   975 | D:2      | Slain by Terence

Action                   || total
-------------------------++-------
 Cast: Magic Dart        ||    65
